 Dungeon Crawl Stone Soup version 0.27.1-33-g824d729ab1 (webtiles) character file.

Game seed: 6932153059933963936

24647 belegose the Carver (level 12, -3/101 HPs)
             Began as a Yellow Draconian Brigand on Dec 17, 2021.
             Was a High Priest of Okawaru.
             Slain by a 12-headed hydra (12 damage)
             ... on level 4 of the Lair of Beasts.
             The game lasted 01:06:01 (22751 turns).

belegose the Carver (Yellow Draconian Brigand)     Turns: 22751, Time: 01:06:01

Health: -3/101     AC: 14    Str: 13    XL:     12   Next: 82%
Magic:  0/20       EV: 12    Int: 22    God:    Okawaru [*****.]
Gold:   895        SH:  8    Dex: 14    Spells: 16/22 levels left

rFire    . . .     SeeInvis .   b - +4 scimitar (spect)
rCold    + . .     Faith    .   i - +2 buckler {rC+}
rNeg     . . .     Spirit   +   (armour unavailable)
rPois    +         Reflect  .   (helmet restricted)
rElec    .         Harm     .   S - +2 cloak {rPois}
rCorr    +         Rampage  .   t - +1 pair of gloves
Will     .....                  H - +0 pair of boots
Stlth    ++++......             o - amulet of guardian spirit
HPRegen  0.26/turn              M - +6 ring of intelligence
MPRegen  0.17/turn              (no ring)

@: hasted, very quick
A: spit acid, AC +8, unfitting armour, cold-blooded, acid resistance
a: Breathe Acid, Renounce Religion, Heroism, Finesse


You were on level 4 of the Lair of Beasts.
You worshipped Okawaru.
Okawaru was extremely pleased with you.
You visited 3 branches of the dungeon, and saw 15 of its levels.
You also visited: Bailey.

You collected 967 gold pieces.
You spent 72 gold pieces at shops.

Inventory:

Hand Weapons
 a - a +2 dagger of holy wrath
 b - a +4 spectral scimitar (weapon)
 h - the +6 flail of Fabulous Tortfeasance {drain, Str+2 Dex+4}
   (You found it on level 5 of the Dungeon)

   A truly terrible weapon, it drains the life of any living foe it strikes.
   Str:       It affects your strength (+2).
   Dex:       It affects your dexterity (+4).
 w - a +0 falchion of electrocution
Missiles
 c - 28 poisoned darts
 k - 5 silver javelins
 m - 477 stones
 x - 5 javelins
 y - 4 throwing nets
 A - 25 boomerangs (quivered)
 U - 2 curare-tipped darts
Armour
 i - a +2 buckler of cold resistance (worn)
 t - a +1 pair of gloves (worn)
 H - a +0 pair of boots (worn)
 J - a scarf of resistance
 S - a +2 cloak of poison resistance (worn)
Jewellery
 o - an amulet of guardian spirit (around neck)
 G - a ring of ice
 M - a +6 ring of intelligence (left hand)
 T - a ring of fire
Wands
 v - a wand of flame (49)
 F - a wand of iceblast (2)
 I - a wand of mindburst (26)
 O - a wand of digging (4)
 R - a wand of polymorph (12)
Scrolls
 j - 2 scrolls of enchant weapon
 l - a scroll of blinking
 p - 2 scrolls of magic mapping
 q - a scroll of fear
 r - 7 scrolls of teleportation
 u - 6 scrolls of enchant armour
 C - a scroll of summoning
 D - 5 scrolls of identify
Potions
 d - 3 potions of brilliance
 e - 3 potions of invisibility
 f - 3 potions of cancellation
 g - 3 potions of berserk rage
 n - 9 potions of curing
 z - 6 potions of heal wounds
 E - 2 potions of lignification
 N - 2 potions of resistance
 P - a potion of might
 Q - a potion of mutation
Miscellaneous
 L - a phantom mirror


   Skills:
 - Level 7.8 Fighting
 - Level 4.1(6.8) Short Blades
 + Level 8.4(8.9) Long Blades
 - Level 1.2 Maces & Flails
 - Level 6.8 Throwing
 + Level 2.7 Dodging
 - Level 7.8 Stealth
 - Level 8.3 Shields
 + Level 5.7 Spellcasting
 - Level 2.3 Hexes
 - Level 5.9 Summonings
 - Level 7.7 Invocations
 + Level 6.0 Evocations


You had 16 spell levels left.
You knew the following spells:

 Your Spells              Type           Power      Damage    Failure   Level
a - Call Canine Familiar  Summ           32%        N/A       2%          3
b - Summon Guardian Gole  Hex/Summ       24%        N/A       4%          3

Your spell library contained the following spells:

 Spells                   Type           Power      Damage    Failure   Level
 Summon Small Mammal      Summ           100%       N/A       1%          1
 Passwall                 Tmut/Erth      5%         N/A       14%         2
 Inner Flame              Hex/Fire       11%        N/A       17%         3
 Stone Arrow              Conj/Erth      12%        3d7       28%         3
 Swiftness                Air            6%         N/A       28%         3
 Cause Fear               Hex            8%         N/A       34%         4
 Bolt of Magma            Conj/Fire/Erth 3%         4d5       95%         5
 Invisibility             Hex            8%         N/A       99%         6
 Discord                  Hex            8%         N/A       100%        8
 Shatter                  Erth           3%         3d7*      100%        9


Dungeon Overview and Level Annotations

Branches:
Dungeon (10/15)            Temple (1/1) D:5            Lair (4/6) D:10
 Spider (0/4) Lair:4          Orc (0/2) D:9          Bailey (visited)
  Swamp: Lair:2-4    Shoals: Lair:2-4

Altars:
Okawaru
Qazlal
Zin
The Shining One

Shops:
D:2 =   D:6 *(

Annotations:
D:10 exclusion: orange crystal statue


Innate Abilities, Weirdness & Mutations

You can spit globs of acid.
Your golden yellow scales are hard. (AC +8)
You cannot fit into any form of body armour.
You are cold-blooded and may be slowed by cold attacks.
You are resistant to acid. (rCorr)


Message History

Okay, then.
Casting: Summon Guardian Golem (mildly dangerous; 4% risk of failure)
Confirm with . or Enter, or press ? or * to list all spells.
Okay, then.
Casting: Summon Guardian Golem (mildly dangerous; 4% risk of failure)
Confirm with . or Enter, or press ? or * to list all spells.
A guardian golem appears, shielding your allies.
Casting: Summon Guardian Golem (mildly dangerous; 4% risk of failure)
Confirm with . or Enter, or press ? or * to list all spells.
Your hound bites the 12-headed hydra.
The 12-headed hydra bites you but does no damage.
You block the 12-headed hydra's attack.
The 12-headed hydra bites you but does no damage.
You block the 12-headed hydra's attack.
The 12-headed hydra bites you but does no damage. x3
The 12-headed hydra bites you.
The 12-headed hydra bites you but does no damage. x2
The 12-headed hydra bites you!
* * * LOW HITPOINT WARNING * * *
The 12-headed hydra bites you.
* * * LOW HITPOINT WARNING * * *
Your guardian golem disappears in a puff of smoke!
Your hound bites the 12-headed hydra.
Your hound bites the 12-headed hydra.
Your hound bites the 12-headed hydra.
Okay, then.
Okay, then.
Okay, then.
You feel yourself speed up.
The 12-headed hydra barely misses you. x2
You block the 12-headed hydra's attack. The 12-headed hydra bites you.
* * * LOW HITPOINT WARNING * * *
The 12-headed hydra bites you!
* * * LOW HITPOINT WARNING * * *
You block the 12-headed hydra's attack. The 12-headed hydra closely misses you.
The 12-headed hydra misses you.
The 12-headed hydra bites you but does no damage.
The 12-headed hydra bites you.
* * * LOW HITPOINT WARNING * * *
The 12-headed hydra closely misses you. The 12-headed hydra bites you!
You die...

### ### ## ############
#.####.#
.####P#.#..#..P###..##.####
....................^.....##
...........................#
..............hD@..........#
..........................##
..........................#
..........................#
..#####...##.#####P.......#
### ######## #........##
#.........# #........##
###......#


You could see a 12-headed hydra (ally target) and a friendly hound (summoned).

Vanquished Creatures
  A hydra (Lair:3)
  An orb spider (Lair:4)
  Pikel (D:9)
  A black mamba (Lair:2)
  Maurice (D:9)
  8 cane toads
  A torpor snail (Lair:2)
  2 rime drakes
  A kobold demonologist (D:10)
  7 komodo dragons
  Psyche (D:9)
  A troll (D:10)
  8 blink frogs (Lair:2)
  34 yaks
  A wraith (D:9)
  4 wyverns
  A basilisk (D:9)
  4 fire bats
  2 steam dragons
  An acid dragon (D:8)
  A warg (Lair:3)
  A hell hound (D:8)
  10 water moccasins
  9 orc warriors
  2 ice beasts
  4 black bears
  A sky beast (D:6)
  A necrophage (D:6)
  4 wolves (Lair:2)
  3 ogres
  7 centaurs
  A lemure (D:9)
  12 bullfrogs
  3 gnoll sergeants
  A wyvern zombie (D:6)
  3 scorpions (D:6)
  2 water moccasin zombies (D:6)
  A water moccasin skeleton (D:3)
  10 wights
  2 electric eels
  A centaur zombie (D:9)
  A bullfrog zombie (D:5)
  4 hounds
  2 lava snakes (D:8)
  A jelly (D:7)
  6 orc priests
  A bullfrog skeleton (D:5)
  2 centaur skeletons (D:5)
  6 iguanas
  6 orc wizards
  A hound skeleton (D:4)
  14 gnolls
  A howler monkey skeleton (D:7)
  9 adders
  A shadow imp (D:5)
  A white imp (D:7)
  An adder skeleton (D:4)
  5 worms
  2 dart slugs
  31 orcs
  5 endoplasms
  3 giant cockroaches
  7 goblins
  6 hobgoblins
  8 jackals
  5 kobolds
  3 quokkas
  3 ball pythons (D:1)
  6 bats
  3 frilled lizards
  4 rats
308 creatures vanquished.

Vanquished Creatures (collateral kills)
  A two-headed ogre (D:10)
  A komodo dragon (Lair:2)
2 creatures vanquished.

Vanquished Creatures (others)
  2 hydras
  2 basilisks (Lair:3)
  A bullfrog (Lair:3)
  An orc (D:9)
  A bush (D:10)
  3 fire vortices (D:8)
  9 fungi
  29 plants
48 creatures vanquished.

Grand Total: 358 creatures vanquished

Notes
Turn   | Place    | Note
-------+----------+-------------------------------------------
     0 | D:1      | belegose the Draconian Brigand began the quest for the Orb.
     0 | D:1      | Reached XP level 1. HP: 17/17 MP: 1/1
   214 | D:1      | Reached skill level 1 in Dodging
   258 | D:1      | Reached XP level 2. HP: 25/25 MP: 2/2
   721 | D:1      | Found a faded altar of an unknown god.
   860 | D:1      | Reached XP level 3. HP: 22/30 MP: 3/3
  1246 | D:2      | Found Zumoevon's Jewellery Shoppe.
  2012 | D:3      | Reached XP level 4. HP: 24/38 MP: 1/4
  3299 | D:4      | Noticed an ogre
  3378 | D:4      | Reached XP level 5. HP: 18/45 MP: 3/5
  3943 | D:4      | Reached skill level 1 in Shields
  4016 | D:4      | Noticed a black bear
  4023 | D:4      | Killed a black bear
  4024 | D:4      | Reached XP level 6. HP: 52/52 MP: 6/6
  4738 | D:4      | Found an iron altar of Okawaru.
  5114 | D:4      | Became a worshipper of Warmaster Okawaru
  5141 | D:5      | Entered Level 5 of the Dungeon
  5227 | D:5      | Your scales start taking on a golden yellow colour.
  5227 | D:5      | Reached XP level 7. HP: 57/59 MP: 5/7
  5227 | D:5      | Gained mutation: You are resistant to acid. (rCorr) [Yellow
                  | Draconian growth]
  5456 | D:5      | Reached skill level 5 in Stealth
  5456 | D:5      | Reached skill level 1 in Invocations
  5506 | D:5      | Found a staircase to the Ecumenical Temple.
  5515 | Temple   | Entered the Ecumenical Temple
  6017 | D:5      | Reached * piety under Okawaru
  6045 | D:5      | Found a glowing silver altar of Zin.
  6133 | D:5      | Identified the +6 flail of Fabulous Tortfeasance {drain,
                  | Str+2 Dex+4}
  6925 | D:6      | Found Ishrilo's CLEARANCE SALE! EVERYTHING MUST GO!.
  6942 | D:6      | Bought a scroll of identify for 10 gold pieces
  6942 | D:6      | Bought a potion of curing for 15 gold pieces
  6942 | D:6      | Bought a scroll of summoning for 47 gold pieces
  6958 | D:6      | Reached skill level 1 in Maces & Flails
  6960 | D:6      | Reached XP level 8. HP: 27/66 MP: 4/9
  7331 | D:6      | Reached skill level 5 in Fighting
  7880 | D:6      | Reached skill level 1 in Long Blades
  8016 | D:6      | Found Jido's Antique Weapon Boutique.
  8364 | D:6      | Reached ** piety under Okawaru
  9476 | D:6      | Reached XP level 9. HP: 42/75 MP: 5/11
 10302 | D:7      | Reached skill level 5 in Throwing
 10747 | D:7      | Reached *** piety under Okawaru
 10748 | D:7      | Reached skill level 1 in Evocations
 11628 | D:8      | Reached skill level 5 in Shields
 11632 | D:8      | Reached skill level 5 in Invocations
 11772 | D:8      | Reached **** piety under Okawaru
 11804 | D:8      | Found a flagged portal.
 11839 | Bailey   | Entered a bailey
 11905 | Bailey   | Reached XP level 10. HP: 77/84 MP: 13/13
 12030 | Bailey   | Received a gift from Okawaru
 12226 | Bailey   | Found a bloodstained altar of Trog.
 13912 | D:8      | Received a gift from Okawaru
 14090 | D:9      | Noticed Psyche
 14195 | D:9      | Killed Psyche
 14195 | D:9      | Received a gift from Okawaru
 14764 | D:9      | Reached skill level 5 in Long Blades
 15096 | D:9      | Found a staircase to the Orcish Mines.
 15421 | D:9      | Noticed Pikel
 15438 | D:9      | Killed Pikel
 15501 | D:9      | Noticed Maurice
 15510 | D:9      | Reached ***** piety under Okawaru
 15513 | D:9      | Killed Maurice
 15703 | D:9      | Received a gift from Okawaru
 15978 | D:9      | Learned a level 3 spell: Call Canine Familiar
 15982 | D:9      | Learned a level 3 spell: Summon Guardian Golem
 16010 | D:10     | Entered Level 10 of the Dungeon
 16097 | D:9      | Reached XP level 11. HP: 57/94 MP: 13/15
 16501 | D:10     | Reached skill level 1 in Summonings
 16562 | D:10     | Reached skill level 1 in Spellcasting
 16705 | D:10     | Found a staircase to the Lair.
 17559 | D:10     | Noticed an orange crystal statue
 17677 | D:10     | Noticed a two-headed ogre
 17678 | D:10     | Killed a two-headed ogre
 17989 | Lair:1   | Entered Level 1 of the Lair of Beasts
 18954 | Lair:2   | Received a gift from Okawaru
 19874 | Lair:2   | Reached XP level 12. HP: 97/101 MP: 16/18
 20274 | Lair:2   | Reached skill level 5 in Summonings
 20953 | Lair:3   | Noticed a six-headed hydra
 21220 | Lair:3   | Noticed Sonja
 21221 | Lair:3   | Noticed Sonja
 21221 | Lair:3   | Sonja changed into Sonja the warg
 21228 | Lair:3   | Killed Sonja the warg
 21330 | Lair:3   | Reached skill level 1 in Hexes
 21332 | Lair:3   | Reached skill level 5 in Evocations
 21390 | Lair:3   | Killed a six-headed hydra
 21391 | Lair:3   | Reached skill level 5 in Spellcasting
 21736 | Lair:3   | Noticed a seven-headed hydra
 21743 | Lair:3   | Killed a seven-headed hydra
 21743 | Lair:3   | Received a gift from Okawaru
 22309 | Lair:4   | Found a hole to the Spider Nest.
 22539 | Lair:4   | Noticed a six-headed hydra
 22571 | Lair:4   | Killed a six-headed hydra
 22669 | Lair:4   | Noticed a six-headed hydra
 22751 | Lair:4   | Slain by a 12-headed hydra

Illustrated notes

Levels and vault maps discovered:
D:1:      beargit_arrival_greenhouse, layout_loops_ring,
          shapermc_ecumenical_altar_mp_urbaneastern, hangedman_decor_push,
          minmay_misc_feat_rows
D:2:      layout_basic, serial_shops, nicolae_shop_trees
D:3:      layout_basic
D:4:      layout_basic, okawaru_gym_becter, kennysheep_generic_room_4
D:5:      layout_basic, mainiacjoe_overflow_catwalk, lemuel_temple_firewalk_a,
          minmay_misc_feat_nine_boxes, minivault_23
D:6:      minmay_razor_zed, layout_basic, serial_shops, nicolae_take_the_stairs,
          minmay_misc_feat_pillars, st_stairs_6, nicolae_shop_clearance
D:7:      layout_rooms
D:8:      layout_cave_pools, enter_bailey_5, hangedman_incinerator
D:9:      layout_basic, erik_orc_2, uniq_pikel, uniq_psyche, uniq_maurice
D:10:     minmay_statue_hallways, layout_loops_ring, minmay_lair_entry_grove
Temple:   regret_index_temple_chain_breaker
Lair:1:   layout_regular_city
Lair:2:   layout_chaotic_city, minivault_27, chequers_serial_rivers_room_a,
          st_stairs_7, fungi_pond_lemuel
Lair:3:   layout_big_grid, uniq_sonja
Lair:4:   layout_big_grid, palyth_hydra_swamp_entry,
          nicolae_spider_entry_orb_guardian

Skill      XL: |  1  2  3  4  5  6  7  8  9 10 11 12 |
---------------+-------------------------------------+-----
Dodging        | 1 2 |  2.7
Throwing       | 2 3 4 5 6 |  6.8
Stealth        | 4 5 6 7 |  7.8
Fighting       | 3 4 5 6 7 |  7.8
Short Blades   | 3 4 |  4.1
Shields        | 1 2 3 4 5 6 7 8 |  8.3
Invocations    | 2 3 5 6 7 |  7.7
Maces & Flails | 1 |  1.2
Long Blades    | 2 4 5 7 8 |  8.4
Evocations     | 2 4 6 |  6.0
Summonings     | 4 5 |  5.9
Spellcasting   | 4 5 |  5.7
Hexes          | 2 |  2.3

Action                   |  1- 3 |  4- 6 |  7- 9 | 10-12 || total
-------------------------+-------+-------+-------+-------++-------
Melee: Dagger            |   113 |   128 |    38 |     1 ||   280
       Tailslap          |    12 |    26 |    52 |    86 ||   176
       Long sword        |       |    29 |    32 |       ||    61
       Flail             |       |       |    23 |       ||    23
       Scimitar          |       |       |   196 |   379 ||   575
       Falchion          |       |       |    91 |   159 ||   250
Throw: Dart              |     2 |    29 |    49 |    83 ||   163
       Stone             |       |       |     7 |       ||     7
       Boomerang         |       |       |     3 |    42 ||    45
       Javelin           |       |       |       |     8 ||     8
 Cast: Call Canine Famil |       |       |       |    19 ||    19
       Summon Guardian G |       |       |       |    13 ||    13
Invok: Heroism           |       |       |     2 |     5 ||     7
 Abil: Breathe Acid      |       |       |     5 |    12 ||    17
Evoke: Wand              |       |     1 |    10 |    17 ||    28
       Phantom mirror    |       |       |       |     1 ||     1
  Use: Scroll            |       |       |     7 |    18 ||    25
       Potion            |       |       |       |     2 ||     2
 Stab: Sleeping          |     5 |     6 |     7 |     3 ||    21
       Distracted        |       |     1 |       |     5 ||     6
Armor: Skin              |    55 |    48 |   147 |   172 ||   422
Dodge: Dodged            |    83 |    67 |   209 |   245 ||   604
Block: Kite shield       |       |    49 |   212 |   206 ||   467
       Buckler           |       |       |       |    61 ||    61
       Rpst.: Long sword |       |     9 |     2 |       ||    11
       Scimitar          |       |       |    36 |    42 ||    78
       Falchion          |       |       |    18 |    20 ||    38
